| TOP OF THE 1ST |
|
Kinston Eagles batting - Pitching for Greensboro Hornets : RHP Jesus Silva
|
|
Pitching: RHP Jesus Silva
|
|
|
Batting: LHB Jeffrey Wilson
|
0-0: Called Strike 0-1: Ball 1-1: Ball 2-1: Reached on error, E3 (Groundball, 34, EV 106.9 MPH)
|
|
Batting: RHB Tony Incaviglia
|
0-0: Foul Ball, location: 2F 0-1: Called Strike 0-2: Ball 1-2: Foul Ball, location: 2F 1-2: SINGLE (Flyball, 6D, EV 82.5 MPH) Jeffrey Wilson to second
|
|
Batting: LHB Eric Peyton
|
0-0: Grounds into double play, 6-4-3 (Groundball, 56, EV 90.0 MPH) Jeffrey Wilson to third
|
|
Batting: RHB Carlos Ponce
|
0-0: Ball 1-0: Fly out, F8 (Flyball, 8RS, EV 84.4 MPH)
|
| Top of the 1st over - 0 runs, 1 hit, 1 error, 1 left on base; Kinston 0 - Greensboro 0 |
| BOTTOM OF THE 1ST |
|
Greensboro Hornets batting - Pitching for Kinston Eagles : RHP Reno Aragon
|
|
Pitching: RHP Reno Aragon
|
|
|
Batting: LHB Ozzie Guillen
|
0-0: Ball 1-0: Ball 2-0: Called Strike 2-1: Ball 3-1: Foul Ball, location: 2F 3-2: Ground out U3 (Groundball, 3L, EV 76.9 MPH)
|
|
Batting: SHB Mark Bailey
|
0-0: Foul Ball, location: 2F 0-1: Ball 1-1: Ball 2-1: Called Strike 2-2: Ball 3-2: Fly out, F8 (Flyball, 78D, EV 108.1 MPH)
|
|
Batting: LHB Fernando Vazquez
|
0-0: Called Strike 0-1: Ground out U3 (Groundball, 34S, EV 88.1 MPH)
|
| Bottom of the 1st over - 0 runs, 0 hits, 0 errors, 0 left on base; Kinston 0 - Greensboro 0 |
| TOP OF THE 2ND |
|
Kinston Eagles batting - Pitching for Greensboro Hornets : RHP Jesus Silva
|
|
Batting: RHB Elias Corona
|
0-0: Called Strike 0-1: Fly out, F8 (Flyball, 8LD, EV 87.5 MPH)
|
|
Batting: RHB Juan Perez
|
0-0: Called Strike 0-1: Ball 1-1: Swinging Strike 1-2: Strikes out swinging
|
|
Batting: RHB Alfredo Aceves
|
0-0: Swinging Strike 0-1: SINGLE (Line Drive, 4MD, EV 99.4 MPH)
|
|
Batting: LHB Randall Curtis
|
0-0: Ball 1-0: Ball 2-0: Ball 3-0: Called Strike 3-1: Fielders Choice at 2nd, 5-4 (Groundball, 5, EV 90.6 MPH)
|
| Top of the 2nd over - 0 runs, 1 hit, 0 errors, 1 left on base; Kinston 0 - Greensboro 0 |
| BOTTOM OF THE 2ND |
|
Greensboro Hornets batting - Pitching for Kinston Eagles : RHP Reno Aragon
|
|
Batting: RHB Greg Jelks
|
0-0: Ball 1-0: Called Strike 1-1: Ball 2-1: Foul Ball, location: 2F 2-2: Foul Ball, location: 2F 2-2: Ball 3-2: Reached on error, E5 (Groundball, 56, EV 86.9 MPH)
|
|
Batting: LHB Francisco Melendez
|
0-0: Ball 1-0: Called Strike 1-1: Ball 2-1: Fielders Choice at 2nd, 3-6 (Groundball, 3D, EV 83.1 MPH)
|
|
Batting: RHB Bernardo Brito
|
0-0: Called Strike 0-1: Foul Ball, location: 2F 0-2: DOUBLE (Line Drive, 3D, EV 93.8 MPH) Francisco Melendez to third
|
|
Batting: RHB Mark Cauley
|
0-0: SINGLE (Line Drive, 3D, EV 98.8 MPH) Francisco Melendez scores Bernardo Brito to third
|
|
Batting: RHB John Lohse
|
0-0: Ball 1-0: Ball Mark Cauley steals 2nd base 2-0: Ground out 6-3 (Groundball, 6, EV 78.8 MPH) Bernardo Brito scores Mark Cauley to third
|
|
Batting: RHB Craig Hendrickson
|
0-0: Ball 1-0: Called Strike 1-1: Ball 2-1: Ground out 6-3 (Groundball, 6, EV 101.3 MPH)
|
| Bottom of the 2nd over - 2 runs, 2 hits, 1 error, 1 left on base; Kinston 0 - Greensboro 2 |
| TOP OF THE 3RD |
|
Kinston Eagles batting - Pitching for Greensboro Hornets : RHP Jesus Silva
|
|
Batting: RHB Guadalupe Garcia
|
0-0: Ball 1-0: Foul Ball, location: 2F 1-1: Fly out, F9 (Flyball, 9S, EV 90.0 MPH)
|
|
Batting: LHB Jeffrey Wilson
|
0-0: Ball 1-0: Called Strike 1-1: SINGLE (Line Drive, 8RM, EV 105.0 MPH)
|
|
Batting: RHB Tony Incaviglia
|
0-0: Ball 1-0: Called Strike 1-1: Ball 2-1: Called Strike Jeffrey Wilson is caught stealing 2nd base 2-4 2-2: Strikes out swinging
|
| Top of the 3rd over - 0 runs, 1 hit, 0 errors, 0 left on base; Kinston 0 - Greensboro 2 |
| BOTTOM OF THE 3RD |
|
Greensboro Hornets batting - Pitching for Kinston Eagles : RHP Reno Aragon
|
|
Batting: LHB Ozzie Guillen
|
0-0: Swinging Strike 0-1: Ball 1-1: Ground out 4-3 (Groundball, 4, EV 100.0 MPH)
|
|
Batting: SHB Mark Bailey
|
0-0: Ball 1-0: Ball 2-0: Ground out 4-3 (Groundball, 4MS, EV 80.6 MPH)
|
|
Batting: LHB Fernando Vazquez
|
0-0: Ball 1-0: SOLO HOME RUN (Flyball, 9LD, EV 105.6 MPH), Distance : 347 ft
|
|
Batting: RHB Greg Jelks
|
0-0: Called Strike 0-1: Swinging Strike 0-2: Ball 1-2: Ball 2-2: Ball 3-2: Foul Ball, location: 2F 3-2: Base on Balls
|
|
Batting: LHB Francisco Melendez
|
0-0: Ball 1-0: Ball 2-0: Ball 3-0: Called Strike 3-1: Called Strike 3-2: Base on Balls Greg Jelks to second
|
|
Batting: RHB Bernardo Brito
|
0-0: Called Strike 0-1: Ball 1-1: Ball 2-1: Foul Ball, location: 2F 2-2: Strikes out swinging
|
| Bottom of the 3rd over - 1 run, 1 hit, 0 errors, 2 left on base; Kinston 0 - Greensboro 3 |
| TOP OF THE 4TH |
|
Kinston Eagles batting - Pitching for Greensboro Hornets : RHP Jesus Silva
|
|
Batting: LHB Eric Peyton
|
0-0: Swinging Strike 0-1: Foul Ball, location: 2F 0-2: Ball 1-2: Ball 2-2: SINGLE (Line Drive, 5D, EV 103.1 MPH)
|
|
Batting: RHB Carlos Ponce
|
0-0: Called Strike 0-1: Ball 1-1: Foul Ball, location: 2F 1-2: Foul Ball, location: 2F 1-2: Strikes out swinging
|
|
Batting: RHB Elias Corona
|
0-0: Foul Ball, location: 2F 0-1: Ball Eric Peyton steals 2nd base 1-1: Swinging Strike 1-2: Ball 2-2: DOUBLE (Line Drive, 9LM, EV 101.9 MPH) Eric Peyton scores
|
|
Batting: RHB Juan Perez
|
0-0: Ball 1-0: Reached on error, E3 (Groundball, 34, EV 106.9 MPH) Elias Corona to third
|
|
Batting: RHB Alfredo Aceves
|
0-0: Ball 1-0: Foul Ball, location: 2F 1-1: Ball 2-1: Grounds into double play, 5-4-3 (Groundball, 56, EV 87.5 MPH)
|
| Top of the 4th over - 1 run, 2 hits, 1 error, 1 left on base; Kinston 1 - Greensboro 3 |
| BOTTOM OF THE 4TH |
|
Greensboro Hornets batting - Pitching for Kinston Eagles : RHP Reno Aragon
|
|
Batting: RHB Mark Cauley
|
0-0: Ball 1-0: Called Strike 1-1: Foul Ball, location: 2F 1-2: Ball 2-2: Ball 3-2: Foul Ball, location: 2F 3-2: DOUBLE (Line Drive, 78D, EV 105.0 MPH)
|
|
Batting: RHB John Lohse
|
0-0: Ground out 6-3 (Groundball, 6, EV 101.9 MPH)
|
|
Batting: RHB Craig Hendrickson
|
0-0: Ball 1-0: Called Strike 1-1: Called Strike 1-2: Ball Balk! Mark Cauley to third 2-2: SINGLE (Flyball, 8LS, EV 88.1 MPH) Mark Cauley scores
|
|
Batting: LHB Ozzie Guillen
|
0-0: SINGLE (Groundball, 6S, EV 61.3 MPH) (infield hit) Craig Hendrickson to second
|
|
Batting: SHB Mark Bailey
|
0-0: Called Strike 0-1: 3-RUN HOME RUN (Flyball, 9LD, EV 98.1 MPH), Distance : 361 ft
|
|
Pitching: LHP Robert Allen
|
|
|
Batting: LHB Fernando Vazquez
|
0-0: Ball 1-0: Ball 2-0: Ground out 2-3 (Groundball, 15S, EV 73.1 MPH)
|
|
Batting: RHB Greg Jelks
|
0-0: Ball 1-0: Ball 2-0: Ball 3-0: Called Strike 3-1: Base on Balls
|
|
Batting: LHB Francisco Melendez
|
0-0: Foul Ball, location: 2F 0-1: Ball 1-1: DOUBLE (Groundball, 3L, EV 101.3 MPH) Greg Jelks to third Runner from 3rd tries for Home, SAFE, throw by RF to home
|
|
Batting: RHB Bernardo Brito
|
0-0: Ball 1-0: Foul Ball, location: 2F 1-1: Ball 2-1: Foul Ball, location: 2F 2-2: Strikes out looking
|
| Bottom of the 4th over - 5 runs, 5 hits, 0 errors, 1 left on base; Kinston 1 - Greensboro 8 |
| TOP OF THE 5TH |
|
Kinston Eagles batting - Pitching for Greensboro Hornets : RHP Jesus Silva
|
|
Batting: LHB Randall Curtis
|
0-0: Called Strike 0-1: Fly out, F8 (Flyball, 8RD, EV 89.4 MPH)
|
|
Batting: RHB Guadalupe Garcia
|
0-0: SINGLE (Line Drive, 9LS, EV 102.5 MPH)
|
|
Batting: LHB Jeffrey Wilson
|
0-0: Called Strike Guadalupe Garcia steals 2nd base 0-1: Ball 1-1: Foul Ball, location: 2F 1-2: Ball 2-2: Ball 3-2: Ground out 5-3 (Groundball, 5, EV 100.0 MPH)
|
|
Batting: RHB Tony Incaviglia
|
0-0: Swinging Strike 0-1: Ball 1-1: Swinging Strike 1-2: Ball 2-2: Strikes out looking
|
| Top of the 5th over - 0 runs, 1 hit, 0 errors, 1 left on base; Kinston 1 - Greensboro 8 |
| BOTTOM OF THE 5TH |
|
Greensboro Hornets batting - Pitching for Kinston Eagles : LHP Robert Allen
|
|
Batting: RHB Mark Cauley
|
0-0: Ball 1-0: Called Strike 1-1: Ball 2-1: Ball 3-1: Fly out, F4 (Flyball, 4D, EV 88.8 MPH)
|
|
Batting: RHB John Lohse
|
0-0: DOUBLE (Groundball, 5L, EV 100.6 MPH)
|
|
Batting: RHB Craig Hendrickson
|
0-0: Ball 1-0: Ball 2-0: Called Strike 2-1: Ball 3-1: Swinging Strike 3-2: Fly out, F8 (Flyball, 8LM, EV 82.5 MPH)
|
|
Batting: LHB Ozzie Guillen
|
0-0: Foul Ball, location: 2F 0-1: Foul Ball, location: 2F 0-2: Foul Ball, location: 2F 0-2: DOUBLE (Line Drive, 3D, EV 95.0 MPH) John Lohse scores
|
|
Batting: SHB Mark Bailey
|
0-0: Ball 1-0: Ball 2-0: Called Strike 2-1: Ball 3-1: Fly out, F7 (Line Drive, 7, EV 98.1 MPH)
|
| Bottom of the 5th over - 1 run, 2 hits, 0 errors, 1 left on base; Kinston 1 - Greensboro 9 |
| TOP OF THE 6TH |
|
Kinston Eagles batting - Pitching for Greensboro Hornets : RHP Jesus Silva
|
|
Batting: LHB Eric Peyton
|
0-0: Ball 1-0: Called Strike 1-1: SINGLE (Groundball, 56D, EV 96.9 MPH)
|
|
Batting: RHB Carlos Ponce
|
0-0: Ball 1-0: Called Strike 1-1: Swinging Strike 1-2: Foul Ball, location: 2F 1-2: Ball 2-2: Foul Ball, location: 2F 2-2: Ball 3-2: SINGLE (Line Drive, 9S, EV 98.1 MPH) Eric Peyton to second
|
|
Batting: RHB Elias Corona
|
0-0: Foul Ball, location: 2F 0-1: Ball 1-1: SINGLE (Groundball, 4MD, EV 104.4 MPH) Eric Peyton to third Carlos Ponce to second Runner from 3rd tries for Home, SAFE, throw by CF to home
|
|
Batting: RHB Juan Perez
|
0-0: Ball Carlos Ponce is caught stealing 3rd base 2-5 1-0: Ball 2-0: Called Strike 2-1: Fly out, F5 (Popup, 25F, EV 83.8 MPH)
|
|
Batting: RHB Alfredo Aceves
|
0-0: Called Strike 0-1: Ball 1-1: Called Strike 1-2: 2-RUN HOME RUN (Flyball, 7D, EV 108.8 MPH), Distance : 360 ft
|
|
Batting: LHB Randall Curtis
|
0-0: Ground out 6-3 (Groundball, 6, EV 103.1 MPH)
|
| Top of the 6th over - 3 runs, 4 hits, 0 errors, 0 left on base; Kinston 4 - Greensboro 9 |
| BOTTOM OF THE 6TH |
|
Greensboro Hornets batting - Pitching for Kinston Eagles : LHP Robert Allen
|
|
Batting: LHB Fernando Vazquez
|
0-0: Swinging Strike 0-1: Fly out, F7 (Flyball, 7D, EV 106.9 MPH)
|
|
Batting: RHB Greg Jelks
|
0-0: Called Strike 0-1: Swinging Strike 0-2: Strikes out swinging
|
|
Batting: LHB Francisco Melendez
|
0-0: Called Strike 0-1: Called Strike 0-2: Ball 1-2: Ball 2-2: Foul Ball, location: 2F 2-2: SINGLE (Flyball, 34D, EV 93.1 MPH)
|
|
Pitching: RHP Mark Adams
|
|
|
Batting: RHB Bernardo Brito
|
0-0: Ball 1-0: Ball 2-0: Called Strike 2-1: Ball 3-1: Foul Ball, location: 2F 3-2: Ground out 1-3 (Groundball, 13S, EV 71.3 MPH)
|
| Bottom of the 6th over - 0 runs, 1 hit, 0 errors, 1 left on base; Kinston 4 - Greensboro 9 |
| TOP OF THE 7TH |
|
Kinston Eagles batting - Pitching for Greensboro Hornets : RHP Jesus Silva
|
|
Batting: RHB Guadalupe Garcia
|
0-0: Foul Ball, location: 2F 0-1: Called Strike 0-2: Fly out, F6 (Line Drive, 6, EV 75.0 MPH)
|
|
Batting: LHB Jeffrey Wilson
|
0-0: Ball 1-0: Ball 2-0: Foul Ball, location: 2F 2-1: Swinging Strike 2-2: Fly out, F8 (Flyball, 8RD, EV 100.0 MPH)
|
|
Batting: RHB Tony Incaviglia
|
0-0: Called Strike 0-1: Foul Ball, location: 2F 0-2: Strikes out swinging
|
| Top of the 7th over - 0 runs, 0 hits, 0 errors, 0 left on base; Kinston 4 - Greensboro 9 |
| BOTTOM OF THE 7TH |
|
Greensboro Hornets batting - Pitching for Kinston Eagles : RHP Mark Adams
|
|
Batting: RHB Mark Cauley
|
0-0: Ball 1-0: Called Strike 1-1: Ball 2-1: Swinging Strike 2-2: Ball 3-2: Foul Ball, location: 2F 3-2: Base on Balls
|
|
Batting: RHB John Lohse
|
0-0: Fly out, F8 (Line Drive, 8RD, EV 97.5 MPH)
|
|
Batting: RHB Craig Hendrickson
|
0-0: Called Strike 0-1: Ball 1-1: Foul Ball, location: 2F 1-2: Fly out, F8 (Flyball, 89D, EV 102.5 MPH)
|
|
Batting: LHB Ozzie Guillen
|
0-0: Ball 1-0: DOUBLE (Line Drive, 78M, EV 91.9 MPH) Mark Cauley to third Runner from 3rd tries for Home, SAFE, throw by LF to home
|
|
Batting: SHB Mark Bailey
|
0-0: Called Strike 0-1: Ball 1-1: Ball 2-1: Foul Ball, location: 2F 2-2: Foul Ball, location: 2F 2-2: Fly out, F8 (Flyball, 78M, EV 90.0 MPH)
|
| Bottom of the 7th over - 1 run, 1 hit, 0 errors, 1 left on base; Kinston 4 - Greensboro 10 |
| TOP OF THE 8TH |
|
Kinston Eagles batting - Pitching for Greensboro Hornets : RHP Jesus Silva
|
|
Batting: LHB Eric Peyton
|
0-0: Fly out, F2 (Popup, 2RF, EV 92.5 MPH)
|
|
Batting: RHB Carlos Ponce
|
0-0: Ball 1-0: Swinging Strike 1-1: Foul Ball, location: 2F 1-2: Strikes out swinging
|
|
Batting: RHB Elias Corona
|
0-0: Called Strike 0-1: Ball 1-1: Swinging Strike 1-2: Ground out 5-3 (Groundball, 5S, EV 66.3 MPH)
|
| Top of the 8th over - 0 runs, 0 hits, 0 errors, 0 left on base; Kinston 4 - Greensboro 10 |
| BOTTOM OF THE 8TH |
|
Greensboro Hornets batting - Pitching for Kinston Eagles : RHP Mark Adams
|
|
Batting: LHB Fernando Vazquez
|
0-0: Ground out 3-1 (Groundball, 34, EV 93.1 MPH)
|
|
Batting: RHB Greg Jelks
|
0-0: Ball 1-0: Fly out, F8 (Flyball, 8LS, EV 93.1 MPH)
|
|
Batting: LHB Francisco Melendez
|
0-0: Called Strike 0-1: SINGLE (Line Drive, 56D, EV 95.6 MPH)
|
|
Batting: RHB Bernardo Brito
|
0-0: Ball 1-0: Called Strike 1-1: Ball 2-1: Ball 3-1: Base on Balls Francisco Melendez to second
|
|
Pitching: RHP Andrew Adams
|
|
|
Batting: RHB Mark Cauley
|
0-0: Ball 1-0: SINGLE (Line Drive, 78M, EV 109.4 MPH) Francisco Melendez to third Bernardo Brito to second Runner from 3rd tries for Home, SAFE, throw by CF to home
|
|
Batting: RHB John Lohse
|
0-0: Ball 1-0: DOUBLE (Line Drive, 7LM, EV 85.6 MPH) Bernardo Brito scores Mark Cauley to third Runner from 3rd tries for Home, SAFE, throw by LF to home
|
|
Batting: RHB Craig Hendrickson
|
0-0: Called Strike 0-1: Fly out, F7 (Flyball, 7S, EV 89.4 MPH)
|
| Bottom of the 8th over - 3 runs, 3 hits, 0 errors, 1 left on base; Kinston 4 - Greensboro 13 |
| TOP OF THE 9TH |
|
Kinston Eagles batting - Pitching for Greensboro Hornets : RHP Jesus Silva
|
|
Pitching: LHP Ken Angulo
|
|
|
Batting: RHB Juan Perez
|
0-0: Ball 1-0: SINGLE (Line Drive, 7S, EV 103.1 MPH)
|
|
Batting: RHB Alfredo Aceves
|
0-0: Called Strike 0-1: Ball 1-1: Called Strike 1-2: Foul Ball, location: 2F 1-2: Foul Ball, location: 2F 1-2: Strikes out looking
|
|
Pinch Hitting: RHB Francisco Guerra
|
0-0: Swinging Strike 0-1: Ball 1-1: Swinging Strike 1-2: Strikes out looking
|
|
Batting: RHB Guadalupe Garcia
|
0-0: Foul Ball, location: 2F 0-1: Foul Ball, location: 2F 0-2: SINGLE (Line Drive, 56D, EV 100.6 MPH) Juan Perez to second
|
|
Batting: LHB Jeffrey Wilson
|
0-0: Ball 1-0: Foul Ball, location: 2F 1-1: Called Strike 1-2: Foul Ball, location: 2F 1-2: Foul Ball, location: 2F 1-2: Strikes out swinging
|
| Top of the 9th over - 0 runs, 2 hits, 0 errors, 2 left on base; Kinston 4 - Greensboro 13 |
|